Map: Abyssal Reef LE

Players

Muche

  • Race: Protoss Protoss
  • League: Platinum
  • Spawn Location: 11:00

SamuraiFunn - Winner!

  • Race: Protoss Protoss
  • League: Platinum
  • Spawn Location: 5:00

VOD

Have the link to the VOD?

Description

Time

  • Played on: Nov. 25, 2017, 1:36 p.m.
  • Length: 15:48
Show
View Real Time Build Order
Export as new Build Order

Muche Protoss 

Build Orders:  

Get SALT Encoding   

  12  0:04  Probe (Chrono Boost)  
  14  0:15  Probe (Chrono Boost)  
  14  0:26  Pylon  
  14  0:32  Probe  
  15  0:45  Probe  
  16  0:55  Forge  
  16  1:00  Gateway  
  16  1:12  Probe  
  17  1:19  Assimilator  
  17  1:21  Assimilator  
  17  1:24  Probe (Chrono Boost)  
  19  1:36  Probe (Chrono Boost)  
  19  1:38  Probe  
  20  1:47  Photon Cannon  
  20  1:49  Zealot  
  20  1:50  Probe  
  23  1:57  Pylon  
  23  2:22  Cybernetics Core  
  23  2:30  Nexus  
  23  2:34  Zealot  
  25  2:46  Photon Cannon  
  25  2:53  Photon Cannon  
  25  3:07  Pylon  
  25  3:10  Zealot  
  27  3:37  Pylon, Zealot  
  29  3:41  Pylon  
  27  3:57  Probe  
  28  4:04  Zealot  
  28  4:05  Photon Cannon  
  28  4:06  Photon Cannon  
  31  4:12  Photon Cannon, Probe (Chrono Boost)  
  31  4:16  Probe (Chrono Boost)  
  32  4:23  Probe (Chrono Boost)  
  33  4:30  Stargate  
  34  4:31  Probe  
  34  4:36  Probe  
  35  4:43  Probe  
  36  4:49  Probe  
  37  4:59  Stargate  
  37  5:02  Stargate  
  37  5:09  Shield Battery  
  37  5:13  Shield Battery  
  35  5:29  Probe (Chrono Boost)  
  36  5:39  Zealot  
  36  5:41  Probe (Chrono Boost)  
  36  5:42  Void Ray  
  41  5:44  Probe  
  41  5:47  Void Ray  
  46  5:56  Probe  
  47  6:08  Probe, Protoss Shields Level 1 (Chrono Boost)  
  48  6:21  Zealot  
  50  6:32  Photon Cannon  
  50  6:35  Photon Cannon  
  50  6:36  Photon Cannon  
  50  6:37  Shield Battery  
  50  6:40  Shield Battery  
  50  6:47  Probe, Assimilator  
  50  6:48  Assimilator, Zealot  
  53  6:59  Probe  
  54  7:02  Void Ray  
  58  7:12  Probe  
  58  7:15  Photon Cannon, Zealot  
  61  7:22  Pylon  
  61  7:24  Probe (Chrono Boost)  
  62  7:36  Probe (Chrono Boost)  
  63  7:38  Probe  
  63  7:40  Protoss Air Weapons Level 1  
  63  7:42  Zealot  
  66  7:50  Probe  
  67  7:52  Void Ray (Chrono Boost)  
  71  8:07  Fleet Beacon  
  71  8:09  Zealot  
  77  8:23  Void Ray (Chrono Boost)  
  77  8:38  Probe  
  78  8:44  Nexus  
  78  8:45  Pylon  
  78  8:58  Pylon  
  78  9:03  Probe, Zealot  
  78  9:04  Void Ray  
  85  9:15  Probe, Pylon  
  86  9:17  Pylon  
  86  9:23  Photon Cannon  
  58  10:50  Carrier (Chrono Boost)  
  58  10:51  Void Ray (Chrono Boost)  
  49  11:35  Mothership (Chrono Boost)  
  48  11:51  Gateway  
  48  11:53  Gateway  
  46  11:54  Gateway  
  46  11:55  Fleet Beacon  
  43  12:44  Pylon  
  43  12:45  Pylon  
  43  12:47  Pylon  
  43  12:49  Pylon  
  43  12:52  Forge  
  43  12:53  Carrier (Chrono Boost)  
  43  12:56  Void Ray  
  49  13:02  Zealot x3  
  46  13:29  Zealot x3  
  42  13:56  Zealot x3  
  48  14:17  Nexus  
  48  14:22  Anion Pulse-Crystals, Forge  
  48  14:23  Zealot  
  46  15:04  Pylon  
  46  15:05  Pylon  
Show
View Real Time Build Order
Export as new Build Order

SamuraiFunn Protoss - Winner!

Build Orders: 1 Gate Expand 

Get SALT Encoding   

  12  0:01  Probe  
  13  0:13  Probe  
  14  0:19  Pylon  
  14  0:25  Probe  
  15  0:36  Assimilator  
  15  0:37  Probe  
  16  0:45  Gateway  
  16  0:49  Probe (Chrono Boost)  
  17  1:02  Probe (Chrono Boost)  
  17  1:04  Probe  
  19  1:23  Nexus  
  19  1:27  Probe  
  20  1:35  Zealot  
  20  1:39  Probe  
  23  2:01  Cybernetics Core  
  23  2:09  Pylon  
  23  2:17  Probe  
  23  2:33  Gateway x2  
  23  2:40  Robotics Facility  
  23  2:42  Probe x2  
  25  2:54  Probe x2  
  25  2:55  Assimilator  
  27  3:06  Probe  
  27  3:09  Probe  
  29  3:15  Warp Gate (Chrono Boost)  
  29  3:25  Stalker x3 (Chrono Boost)  
  35  3:33  Probe  
  35  3:34  Probe  
  35  3:46  Probe x2  
  37  3:58  Probe x2  
  39  4:04  Pylon  
  39  4:06  Pylon  
  39  4:15  Observer  
  40  4:17  Probe  
  40  4:18  Probe  
  40  4:22  Zealot x3  
  48  4:36  Observer  
  49  4:42  Probe x2  
  51  4:47  Assimilator  
  51  4:50  Assimilator  
  51  4:58  Probe x2, Observer  
  54  5:06  Gateway  
  54  5:07  Gateway  
  54  5:12  Pylon  
  54  5:14  Pylon  
  54  5:18  Stalker x2  
  54  5:19  Stalker  
  60  5:24  Warp Prism  
  62  5:46  Stalker x3  
  66  6:11  Warp Prism  
  66  6:16  Gateway  
  66  6:17  Gateway  
  68  6:19  Probe x2, Gateway  
  70  6:27  Stalker  
  70  6:28  Stalker x3  
  78  6:34  Pylon  
  78  6:36  Pylon  
  78  6:37  Pylon  
  78  6:39  Pylon  
  78  6:55  Twilight Council  
  78  6:56  Forge  
  78  6:59  Forge  
  78  7:02  Pylon x2  
  78  7:06  Stalker x2  
  78  7:07  Stalker x3  
  86  7:35  Protoss Ground Armor Level 1, Protoss Ground Weapons Level 1  
  86  8:01  Blink (Chrono Boost)  
  86  8:17  Stalker  
  86  8:18  Stalker x4  
  96  8:20  Nexus  
  96  8:22  Zealot x3  
  96  8:23  Assimilator  
  96  8:26  Assimilator  
  102  8:30  Pylon x2  
  102  8:32  Pylon  
  102  8:48  Observer  
  103  8:52  Stalker  
  105  8:55  Zealot  
  105  8:56  Zealot x3  
  105  9:02  Probe  
  114  9:03  Probe  
  114  9:09  Observer  
  116  9:14  Probe  
  116  9:15  Probe  
  118  9:29  Protoss Shields Level 1  
  118  9:32  Charge  
  118  9:48  Stalker x3  
  118  9:49  Stalker x3  
  130  9:54  Probe  
  107  10:32  Stalker x3  
  107  10:34  Stalker x4  
  95  10:47  Stalker  
  95  11:00  Stalker x3  
  71  11:35  Stalker x2  
  71  11:36  Stalker x2  
  71  11:37  Stalker x2  
  69  12:27  Stalker x4  
  69  12:29  Stalker x4  
  85  12:54  Stalker x3  
  85  12:55  Stalker x5  
  89  13:37  Stalker x2  
  89  13:38  Stalker x3  
  81  14:01  Stalker x5  
  81  14:02  Stalker  
  79  14:22  Probe x2, Nexus  
  79  14:26  Assimilator  
  79  14:29  Assimilator  
  75  14:32  Pylon  
  75  14:33  Pylon, Stalker  
  75  14:34  Stalker  
  75  14:35  Pylon  
  78  14:58  Stalker x2  
  78  14:59  Stalker x3  
  73  15:33  Stalker x2  
Tags
 
Add a new tag
Caveats
  • Supply blocks, unpowered buildings, or Contaminate may cause inaccurate times.
  • Supply counts are checked every 10 seconds.